 Dungeon Crawl Stone Soup version 0.31-a0-981-geadf994542 (webtiles) character file.

Game seed: 11869242966275410456

112 mattiecakes the Ruffian (level 5, -2/37 HPs)
             Began as a Djinni Shapeshifter on Nov 2, 2023.
             Slain by a white imp (4 damage)
             ... on level 3 of the Dungeon.
             The game lasted 00:04:26 (1427 turns).

mattiecakes the Ruffian (Djinni Shapeshifter)       Turns: 1427, Time: 00:04:27

Health: -2/37      AC:  2    Str: 15    XL:     5   Next: 16%
Gold:   162        EV: 12    Int: 12    God:
                   SH:  0    Dex: 12

rFire   + +          .
                       - Unarmed
rCold   x . .        (no shield)
rNeg    . . .        a - +0 animal skin
rPois   ∞            (helmet currently unavailable)
rElec   .            (cloak currently unavailable)
rCorr   .            (gloves currently unavailable)
SInv    .            (boots unavailable)
Will    .....        (no amulet)
Stlth   +            (no ring)
HPRegen 0.26/turn    (no ring)
MPRegen 0.00/turn

%: infuse magic (-3 HP)
@: beast-form, flying
A: beast (slay +2), flying, sickness immunity, fire resistance 2, cold
vulnerability 1, float, innate caster, HP casting, extra vitality 1
a: Begin Untransformation


You were on level 3 of the Dungeon.
You were a hulking beast.
You visited 1 branch of the dungeon, and saw 3 of its levels.

You collected 162 gold pieces.

Inventory:

Armour
 a - a +0 animal skin (worn)
Jewellery
 h - a +6 ring of intelligence
Talismans
 c - a beast talisman
 d - a flux talisman
Scrolls
 g - a scroll of blinking {unknown}
Potions
 b - a potion of lignification
 e - 2 potions of heal wounds {unknown}
 f - a potion of cancellation {unknown}


   Skills:
 - Level 1.0 Fighting
 - Level 2.1 Dodging
 + Level 4.4 Unarmed Combat
 + Level 3.8 Shapeshifting


You knew the following spells:

 Your Spells              Type           Power      Damage    Failure   Level
a - Freeze                Ice            0%         1d3       32%         1
b - Passwall              Tmut/Erth      0%         N/A       45%         2
Your spell library was empty.

Dungeon Overview and Level Annotations

Branches:
Dungeon (3/15)

Altars:
Makhleb
Okawaru

Shops:
D:3 [

Annotations:
D:3 2 transporters


Innate Abilities, Weirdness & Mutations

You are a hulking beast.
Your limbs bulge with bestial killing power. (Slay +2)
You are flying.
You are immune to sickness and miasma.
You are immune to poison.
Your flesh is very heat resistant. (rF++)
You are vulnerable to cold. (rC-)
You float through the air rather than walking.
You learn spells naturally, not from books.
Your magical power is your life essence.
You have superior vitality. (+4 MHP)


Message History

You are too injured to fight recklessly!
You are too injured to fight recklessly!
You are too injured to fight recklessly!
You are too injured to fight recklessly!
You are too injured to fight recklessly!
You are too injured to fight recklessly!
You are too injured to fight recklessly!
You are too injured to fight recklessly!
You are too injured to fight recklessly!
You are too injured to fight recklessly!
You are too injured to fight recklessly!
You are too injured to fight recklessly!
You are too injured to fight recklessly!
You are too injured to fight recklessly!
You are too injured to fight recklessly!
You are too injured to fight recklessly!
You are too injured to fight recklessly!
You completely miss the white imp. You hit the white imp.
The white imp is lightly wounded.
The white imp gestures at you. The puff of frost misses you.
You punch the white imp!
The white imp is almost dead.
The white imp grinds its teeth.
The white imp gestures at you. The puff of frost hits you!
You feel a terrible chill!
* * * LOW HITPOINT WARNING * * *
You hit the white imp but do no damage.
The white imp is almost dead.
The white imp closely misses you.
You hit the white imp but do no damage.
The white imp is almost dead.
The white imp closely misses you.
You barely miss the white imp.
The white imp is almost dead.
The white imp hits you.
* * * LOW HITPOINT WARNING * * *
The white imp freezes you.
You feel a terrible chill!
You die...

†##8.... .#hF.... ..######
.#S#..©.. #......###
.#5.#...#..# #..........
.#©.......$# #.......#.#
.#..#...#..#.##........_
.#.#.....#.#.#........#.#
.#../$$$$.S#.............
.##8$._.$8##[ #5h.......#
..#########.. ###'##############
#.....©..... #.......#.....⌠#
##.#....#+#######.........≈§≈..#
#.##..........##........≈≈≈§≈.#
#.....>.......##........§≈≈≈§∩#
#####.........##..<.....≈≈≈§≈.#
#.........+.........§≈≈≈..#
#.........####'#####.....⌠#


You could see an adder and a white imp.

Vanquished Creatures
  An orc priest (D:2)
  An orc wizard (D:2)
  2 adders
  A dart slug (D:2)
  2 orcs (D:2)
  2 ball pythons (D:2)
  3 endoplasms
  3 giant cockroaches
  2 goblins
  4 hobgoblins
  5 jackals
  3 bats (D:2)
  5 frilled lizards
  4 rats
38 creatures vanquished.

Notes
Turn   | Place    | Note
-------+----------+-------------------------------------------
     0 | D:1      | mattiecakes the Djinni Shapeshifter began the quest for the
                  | Orb.
     0 | D:1      | Reached XP level 1. HP: 17/17 MP: 0/0
     6 | D:1      | Noticed an anaconda
     6 | D:1      | Noticed a killer bee
     6 | D:1      | Noticed a rime drake
     6 | D:1      | Noticed an iguana
   101 | D:1      | Reached XP level 2. HP: 21/22 MP: 0/0
   121 | D:1      | You are sucked into a shaft and drop 1 floor!
   337 | D:3      | Found Sicoon's Antique Armour Emporium.
   401 | D:3      | Found a burning altar of Makhleb.
   403 | D:3      | Noticed a black bear
   406 | D:3      | Found a transporter.
   406 | D:3      | Noticed a bullfrog
   415 | D:3      | Found a transporter.
   430 | D:3      | Reached XP level 3. HP: 15/27 MP: 0/0
   430 | D:3      | Learned a level 1 spell: Freeze
   640 | D:2      | Reached skill level 4 in Unarmed Combat
   640 | D:2      | Reached XP level 4. HP: 13/32 MP: 0/0
   961 | D:2      | Reached XP level 5. HP: 21/37 MP: 0/0
   961 | D:2      | Learned a level 2 spell: Passwall
  1418 | D:3      | Found an iron altar of Okawaru.
  1427 | D:3      | Slain by a white imp

Illustrated notes

Levels and vault maps discovered:
D:1:      onia_arrival_zoo_common, layout_loops_cross
D:2:      minmay_chambers_of_twos, layout_basic, nicolae_figureground_sparkle
D:3:      layout_basic, gammafunk_temple_overflow_arena,
          okawaru_metal_pillars_1_2, serial_shops, nicolae_lakefront_shop

Skill      XL: |  1  2  3 |
---------------+----------+-----
Shapeshifting  | 3 |  3.8
Unarmed Combat | 4 |  4.4
Fighting       | |  1.0
Dodging        | |  2.1

Action                     |  1- 3 |  4- 6 || total
---------------------------+-------+-------++-------
  Melee: Unarmed           |    74 |    46 ||   120
         Punch             |     4 |     1 ||     5
   Stab: Sleeping          |     1 |       ||     1
 Armour: Animal skin       |    34 |    30 ||    64
  Dodge: Dodged            |    35 |    35 ||    70

Table legend: (Time is in decaauts)
 A = Elapsed time spent in this place.
 B = Non-inter-level travel time spent in this place.
 C = Inter-level travel time spent in this place.
 D = Time resting spent in this place.
 E = Time spent auto-exploring this place.
 F = Levels seen in this place.
 G = Mean time per level.
                   A        B        C        D        E       F      G
               +--------+--------+--------+--------+--------+-----+--------+
         Total |   1422 |   1401 |     21 |    280 |    869 |   3 |  474.0 |
       Dungeon |   1422 |   1401 |     21 |    280 |    869 |   3 |  474.0 |
               +--------+--------+--------+--------+--------+-----+--------+

Top non-repeatable levels by time:
     D:2: 1080 daAuts
     D:3: 222 daAuts
     D:1: 119 daAuts
